Map: Purity and Industry LE

Players

antagomiR - Winner!

  • Race: Protoss Protoss
  • League: Gold
  • Spawn Location: 3:00

VOD

Have the link to the VOD?

Description

Time

  • Played on: April 1, 2020, 4:21 p.m.
  • Length: 26:33
Show
View Real Time Build Order
Export as new Build Order

antagomiR Protoss - Winner!

Build Orders:  

Get SALT Encoding   

  12  0:08  Probe (Chrono Boost)  
  13  0:25  Probe (Chrono Boost)  
  14  0:45  Pylon  
  15  0:50  Probe (Chrono Boost)  
  15  1:12  Probe (Chrono Boost)  
  16  1:29  Probe (Chrono Boost)  
  17  1:34  Gateway  
  17  1:48  Assimilator  
  17  1:59  Probe (Chrono Boost)  
  18  2:13  Pylon  
  18  2:16  Probe (Chrono Boost)  
  18  2:18  Assimilator  
  19  2:46  Cybernetics Core  
  18  2:57  Zealot (Chrono Boost)  
  18  2:59  Nexus  
  20  3:10  Probe  
  21  3:27  Probe  
  22  3:31  Stalker (Chrono Boost)  
  22  3:44  Probe  
  25  4:01  Probe  
  25  4:03  Pylon  
  25  4:08  Assimilator  
  26  4:14  Shield Battery  
  26  4:18  Probe  
  27  4:21  Assimilator  
  27  4:45  Robotics Facility  
  27  4:57  Gateway  
  27  4:58  Probe x2  
  29  5:00  Warp Gate (Chrono Boost)  
  29  5:05  Sentry  
  31  5:15  Probe x2  
  33  5:32  Probe x2  
  33  5:34  Gateway  
  35  5:49  Probe x2  
  37  6:06  Probe x2  
  37  6:08  Observer  
  40  6:23  Probe  
  40  6:25  Pylon  
  41  6:34  Gateway  
  41  6:37  Probe  
  42  6:40  Probe  
  42  6:41  Gateway  
  42  6:48  Pylon  
  42  6:49  Sentry  
  45  7:03  Twilight Council  
  45  7:07  Forge  
  45  7:17  Pylon  
  45  7:18  Probe x2  
  47  7:35  Probe x2  
  49  7:44  Immortal  
  53  7:52  Probe x2  
  55  8:05  Stalker  
  55  8:09  Probe x2, Zealot x2  
  63  8:11  Sentry  
  63  8:15  Sentry  
  67  8:38  Immortal  
  71  8:42  Probe x2  
  73  8:54  Protoss Ground Weapons Level 1 (Chrono Boost)  
  73  8:59  Probe x2  
  75  9:08  Templar Archives  
  75  9:11  Pylon  
  75  9:17  Sentry  
  77  9:28  Pylon  
  77  9:37  Immortal  
  77  9:38  Pylon  
  81  9:44  Shield Battery  
  81  9:47  Zealot  
  81  9:48  Zealot  
  85  10:09  Charge (Chrono Boost)  
  75  10:31  Immortal  
  75  10:35  Zealot x2  
  77  10:43  Zealot  
  77  10:45  Zealot x2  
  83  11:15  Zealot  
  85  11:20  Sentry  
  85  11:21  Nexus, Stalker  
  85  11:23  Zealot x2  
  85  11:24  Pylon  
  85  11:27  Probe, Pylon  
  85  11:28  Probe, Psionic Storm  
  95  11:32  Immortal  
  99  11:44  Probe  
  99  11:45  Probe  
  101  11:54  Protoss Ground Weapons Level 2  
  101  11:55  Pylon  
  101  12:00  Pylon  
  101  12:04  Shield Battery  
  101  12:08  Photon Cannon  
  101  12:16  Photon Cannon  
  101  12:18  Assimilator  
  101  12:22  Probe  
  101  12:23  Probe  
  101  12:24  Assimilator  
  101  12:26  Immortal  
  107  12:39  Probe  
  108  12:45  Zealot x2  
  108  12:46  Zealot x3  
  118  12:59  Gateway  
  118  13:01  Gateway  
  118  13:04  Gateway  
  118  13:20  Probe x3  
  121  13:37  Probe x3  
  124  13:40  Zealot x4  
  132  13:54  Probe  
  132  13:55  Immortal  
  137  14:17  Probe x2  
  137  14:18  Probe  
  140  14:34  Probe  
  141  14:50  Probe x2, Observer  
  143  15:05  High Templar x2  
  143  15:06  High Templar  
  149  15:18  Pylon  
  149  15:23  Pylon  
  141  15:46  Stalker  
  141  15:47  Stalker x2  
  141  15:48  Stalker x2  
  151  15:51  Archon  
  151  15:56  Zealot x3  
  157  16:52  Pylon  
  157  16:57  High Templar x3  
  157  16:58  High Templar  
  165  17:09  Archon x2  
  165  17:39  Nexus  
  165  17:44  Pylon  
  165  17:48  Pylon  
  165  18:09  Protoss Ground Weapons Level 3 (Chrono Boost)  
  165  18:12  Shield Battery  
  165  18:14  Photon Cannon  
  165  18:19  Photon Cannon  
  165  18:24  Photon Cannon  
  165  18:29  Assimilator  
  165  18:34  High Templar x2  
  165  18:35  High Templar x3  
  165  18:36  High Templar, Assimilator  
  165  18:37  High Templar  
  165  18:38  High Templar  
  181  18:40  Archon  
  181  18:41  Archon  
  181  18:42  Archon  
  181  18:43  Archon  
  181  19:24  Probe  
  181  19:25  Probe x3  
  185  19:44  Pylon  
  185  20:00  High Templar  
  185  20:01  High Templar x2  
  185  20:02  High Templar x2  
  180  21:03  Unknown  
  180  21:07  Unknown  
  176  21:57  Nexus  
  176  22:01  Pylon  
  176  22:05  Pylon  
  176  22:08  Unknown  
  94  24:38  Zealot x2  
  94  24:39  Zealot x3  
  104  24:40  Zealot x2  
  104  24:41  Zealot  
  110  25:13  High Templar x3  
  110  25:14  High Templar x3  
  110  25:17  High Templar  
  110  25:18  High Templar  
  126  25:20  Archon  
  126  25:21  Archon  
  126  25:22  Archon  
  126  25:23  Archon  
  125  26:06  Zealot  
  125  26:07  Zealot  
  125  26:08  High Templar x3  
  125  26:09  High Templar x2  
Tags
 
League
Gold
Matchup
Co-op
Replay Pack
20200422
Add a new tag
Caveats
  • Supply blocks, unpowered buildings, or Contaminate may cause inaccurate times.
  • Supply counts are checked every 10 seconds.